 Dungeon Crawl Stone Soup version 0.30.0-29-ga12c61a403 (webtiles) character file.

Game seed: 483426751896514879

16 qw the Shield-Bearer (level 2, 0/19 HPs)
             Began as a Gargoyle Fighter on June 5, 2023.
             Slain by a gnoll
             ... wielding a +0 spear
              (6 damage)
             ... on level 2 of the Dungeon.
             The game lasted 00:00:23 (1158 turns).

qw the Shield-Bearer (Gargoyle Fighter)             Turns: 1158, Time: 00:00:24

Health: 0/19       AC:  9    Str: 19    XL:     2   Next: 54%
Magic:  2/2        EV:  9    Int:  8    God:
Gold:   52         SH:  4    Dex:  9    Spells: 1/1 levels left

rFire   . . .        Y - +1 war axe
rCold   . . .        c - +0 buckler
rNeg    + . .        b - +0 scale mail
rPois   inf          (no helmet)
rElec   +            (no cloak)
rCorr   .            (no gloves)
SInv    .            (no boots)
Will    .....        n - amulet of faith Stlth
                     (no ring)
HPRegen 0.23/turn    (no ring)
MPRegen 0.08/turn

%: faith
@: no status effects
A: sickness immunity, AC +2, negative energy resistance 1, electricity
resistance, torment resistance 1, petrification resistance
a: no special abilities


You were on level 2 of the Dungeon.
You visited 1 branch of the dungeon, and saw 2 of its levels.

You collected 52 gold pieces.


Innate Abilities, Weirdness & Mutations

You are immune to sickness and miasma.
Your stone body is resilient. (AC +2)
You are immune to poison.
You resist negative energy. (rN+)
You are resistant to electric shocks. (rElec)
You are resistant to unholy torment.
You are immune to petrification.


   Skills:
 - Level 3.2 Fighting
 + Level 2.8 Axes
 - Level 3.2 Armour
 - Level 3.2 Shields


You had one spell level left.
You didn't know any spells.
Your spell library was empty.

Inventory:

Hand Weapons
 g - a +0 mace
 Y - a +1 war axe (weapon)
Armour
 b - a +0 scale mail (worn)
 c - a +0 buckler (worn)
Jewellery
 n - an amulet of faith (around neck)
Scrolls
 f - a scroll of identify
Potions
 d - a potion of might
 i - a potion of magic
 m - a potion of attraction {unknown}
 o - a potion of curing {unknown}

Dungeon Overview and Level Annotations

Branches:
Dungeon (2/15)

Altars:


Message History

1141 ||| Stepping ~*~*~tactically~*~*~ (stealth).
The kobold shouts!
You hear a shout!
A gnoll comes into view. It is wielding a +0 flail.
You hear a shout!
You see here a +0 dagger.
1146 ||| Stepping ~*~*~tactically~*~*~ (hiding).
You completely miss the kobold.
The kobold hits you with a +0 short sword.
A gnoll comes into view. It is wielding a +0 spear.
You completely miss the kobold. You block the kobold's attack.
The kobold hits you but does no damage.
You completely miss the kobold. The kobold hits you but does no damage.
You barely miss the kobold. The kobold hits you but does no damage.
The gnoll closely misses you. The kobold hits you but does no damage.
You slash the kobold!
You kill the kobold!
The gnoll completely misses you.
You closely miss the gnoll. The gnoll barely misses you.
You block the gnoll's attack.
You closely miss the gnoll.
The gnoll hits you from afar with a +0 halberd!
Ouch! That really hurt!
The gnoll hits you with a +0 flail. The gnoll barely misses you.
1155 ||| DRINKING potion of heal wounds.
You feel much better.
The gnoll hits you from afar with a +0 spear.
You block the gnoll's attack.
You barely miss the gnoll. The gnoll hits you with a +0 flail.
The gnoll hits you from afar with a +0 spear.
You hit the gnoll.
The gnoll is moderately wounded.
The gnoll closely misses you. x2; You block the gnoll's attack. x2
You hit the gnoll.
The gnoll is severely wounded.
The gnoll hits you with a +0 flail.
The gnoll hits you from afar with a +0 spear.
You die...

.#.... g....
##.... ..... #...
#.. ###g###
#...g@# #.###.#
#.#
.##.###.#########.
..........<.......
..................
##################


You could see 2 gnolls.

Vanquished Creatures
  An endoplasm (D:1)
  A giant cockroach (D:1)
  2 goblins (D:1)
  2 hobgoblins (D:1)
  3 kobolds
  A quokka (D:1)
  2 ball pythons (D:1)
  A bat (D:1)
13 creatures vanquished.

Notes
Turn   | Place    | Note
-------+----------+-------------------------------------------
     0 | D:1      | qw the Gargoyle Fighter began the quest for the Orb.
     0 | D:1      | Reached XP level 1. HP: 14/14 MP: 1/1
     0 | D:1      | 0 ||| qw: Version: 0.2-a-108-gee2c290
     0 | D:1      | 0 ||| qw: Game counter: 1464
     0 | D:1      | 0 ||| qw: Always use a shield: true
     0 | D:1      | 0 ||| qw: God list: Okawaru
     0 | D:1      | 0 ||| qw: Allow faded altars: false
     0 | D:1      | 0 ||| qw: Do Orc after D:15 true
     0 | D:1      | 0 ||| qw: Do second Lair branch before Depths: true
     0 | D:1      | 0 ||| qw: Lair rune preference: random
     0 | D:1      | 0 ||| qw: Plans: Normal, Zot:1-4, Slime:5, God:TSO, Crypt,
                  | Tomb, Abyss, Pan, Hells, Win
     0 | D:1      | 0 ||| PLANNING D:1-11
   219 | D:1      | 219 ||| READING scroll labelled VUVVEN DI LUUPS.
   220 | D:1      | 220 ||| READING 2 scrolls labelled GYIHOXT YFAWA.
   221 | D:1      | 221 ||| READING scroll labelled QUCUCWOILE.
   222 | D:1      | 222 ||| DRINKING 2 fizzy clear potions.
   304 | D:1      | Reached XP level 2. HP: 19/19 MP: 2/2
   987 | D:1      | 987 ||| DROPPING +1 ring mail of positive energy.
   988 | D:1      | 988 ||| UPGRADING to amulet of faith.
   993 | D:1      | 993 ||| READING scroll labelled TYP HASKA VEO.
  1094 | D:1      | 1094 ||| READING scroll labelled GONAINL XE RAU.
  1095 | D:1      | 1095 ||| READING scroll labelled HASMEA KAGOSAANE.
  1099 | D:1      | 1099 ||| READING 2 scrolls labelled TIWANAO ERIEXU.
  1100 | D:1      | 1100 ||| DRINKING 2 metallic purple potions.
  1101 | D:1      | 1101 ||| READING 2 scrolls of identify.
  1101 | D:1      | 1101 ||| IDENTIFYING orange potion
  1102 | D:1      | 1102 ||| DROPPING potion of berserk rage.
  1103 | D:1      | 1103 ||| DROPPING scroll of blinking.
  1134 | D:2      | 1134 ||| Stepping ~*~*~tactically~*~*~ (stealth).
  1141 | D:2      | 1141 ||| Stepping ~*~*~tactically~*~*~ (stealth).
  1146 | D:2      | 1146 ||| Stepping ~*~*~tactically~*~*~ (hiding).
  1154 | D:2      | HP: 4/19 [gnoll/+0 flail (3)]
  1155 | D:2      | 1155 ||| DRINKING potion of heal wounds.
  1158 | D:2      | Slain by a gnoll

Levels and vault maps discovered:
D:1:      scummos_arrival_gate, layout_basic, grunt_decor_cap
D:2:      layout_loops_ring, serial_shops, nicolae_shop_waterfront,
          minmay_pentomino_z2

Skill      XL: |  1 |
---------------+----+-----
Axes           | 2 |  2.8
Fighting       | |  3.2
Armour         | |  3.2
Shields        | |  3.2

Action                     || total
---------------------------++-------
  Melee: War axe           ||    38
    Use: Scroll            ||     8
         Potion            ||     3
 Armour: Scale mail        ||    17
  Dodge: Dodged            ||    11
  Block: Buckler           ||    10

Table legend:
 A = Non-vault XP
 B = Vault XP
 C = Vault XP percentage of total XP
 D = Non-vault monster count
 E = Vault monster count
 F = Vault count percentage of total count
                 A         B        C        D         E       F
            +---------+---------+-------+---------+---------+-------
      Total |      23 |       0 |   0.0 |      13 |       0 |   0.0
            +---------+---------+-------+---------+---------+-------
        D:1 |      19 |       0 |   0.0 |      11 |       0 |   0.0
        D:2 |       4 |       0 |   0.0 |       2 |       0 |   0.0
            +---------+---------+-------+---------+---------+-------
